 Dungeon Crawl Stone Soup version 0.18.1-48-g4cf74bf (webtiles) character file.

198 Joat the Insei (level 5, -13/35 HPs)
             Began as an Octopode Transmuter on Aug 9, 2016.
             Was an Initiate of Ru.
             Mangled by an ogre
             ... wielding a +0 giant spiked club
              (21 damage)
             ... on level 3 of the Dungeon.
             The game lasted 00:15:27 (2941 turns).

Joat the Insei (Octopode Transmuter)                Turns: 2941, Time: 00:15:28

Health: -13/35     AC:  1    Str: 10    XL:     5   Next: 77%
Magic:  8/8        EV: 13    Int: 15    God:    Ru [......]
Gold:   166        SH:  0    Dex: 13    Spells: 2 memorised, 5 levels left

rFire  . . .     SeeInvis .       - Unarmed
rCold  . . .     Gourm    .     (no shield)
rNeg   . . .     Faith    .     (helmet restricted)
rPois  .         Spirit   .     (no amulet)
rElec  .         Dismiss  .     (no ring)
rCorr  .         Reflect  .     (no ring)
SustAt .         Harm     .     (no ring)
MR     .....                    (no ring)
Stlth  ++........               (no ring)
                                (no ring)
                                (no ring)
                                (no ring)

@: appendage (expiring), not resistant to hostile enchantments, unstealthy
A: almost no armour, amphibious, 8 rings, constrict 8, tentacle spike 3,
camouflage 1, gelatinous body 1
a: End Transformation, Renounce Religion


You were on level 3 of the Dungeon.
You worshipped Ru.
Ru was noncommittal.
You were not hungry.
One of your tentacles had a temporary spike.
You visited 1 branch of the dungeon, and saw 3 of its levels.

You collected 166 gold pieces.

Inventory:

Missiles
 a - 61 arrows
Scrolls
 d - 2 scrolls of teleportation {unknown}
 g - 2 scrolls of enchant weapon {unknown}
 h - a scroll of fear {unknown}
 j - 6 scrolls of identify {unknown}
 m - a scroll of magic mapping {unknown}
 o - 2 scrolls of enchant armour {unknown}
 q - a scroll of noise {unknown}
 r - a scroll of random uselessness {unknown}
Potions
 e - a potion of heal wounds {unknown}
 i - 2 potions of invisibility {unknown}
 k - a potion of resistance {unknown}
 l - 2 potions of curing {unknown}
Books
 b - a book of Changes

   Spells                             Type                      Level
   a - Beastly Appendage              Transmutation                1
   b - Sticks to Snakes               Transmutation                2
   c - Spider Form                    Transmutation/Poison         3
   d - Ice Form                       Ice/Transmutation            4
   e - Blade Hands                    Transmutation                5
Comestibles
 c - 3 bread rations
 f - 2 beef jerkies
 n - a meat ration
 p - 3 fruits
 s - 3 chunks of flesh


   Skills:
 + Level 2.4 Fighting
 + Level 3.6 Dodging
 + Level 3.9 Unarmed Combat
 + Level 2.1 Spellcasting
 + Level 3.2 Transmutations


You had 5 spell levels left.
You knew the following spells:

 Your Spells              Type           Power        Failure   Level  Hunger
b - Sticks to Snakes      Trmt           ##......     12%         2    ###....
q - Beastly Appendage     Trmt           ##....       8%          1    #......


Dungeon Overview and Level Annotations

Branches:
Dungeon (3/15)

Altars:
Elyvilon
Ru


Innate Abilities, Weirdness & Mutations

You cannot wear most types of armour.
You are amphibious.
You can wear up to eight rings at the same time.
You can use your tentacles to constrict eight enemies at once.
Your skin changes colour to match your surroundings (Stealth).
Your rubbery body absorbs attacks (AC +1).
One of your tentacles bears a large vicious spike.


Message History

Your transformation is almost over.
The ogre misses you.
You tentacle-slap the ogre. You squeeze the ogre, but do no damage.
The ogre is heavily wounded.
You tentacle-slap the ogre.
The ogre is heavily wounded.
The ogre barely misses you.
You closely miss the ogre. You squeeze the ogre, but do no damage.
The ogre is heavily wounded.
The ogre hits you with a giant spiked club!!
Ouch! That really hurt!
* * * LOW HITPOINT WARNING * * *
You tentacle-slap the ogre but do no damage.
You pierce the ogre, but do no damage.
The ogre is heavily wounded.
You tentacle-slap the ogre.
Your tentacle spike misses the ogre.
The ogre is severely wounded.
The ogre hits you with a giant spiked club!!
Ouch! That really hurt!
You die...

#.#. ..# ##.##.# #........
###...####.# ..#.# #........
.........#.# #.#.####........
...........# #.#...##........
...........# #.#...##........
...........## #.....##........
.......<....### ##....##........
............).###.....##........
............#gO@...#####........
........#####.###..# ##.######
...#....#gg.#)###.)#####..# ##
######.%.'.##.........######
#gO.####.#.#...........# ####
##......###.......
##.................
#.....############# .....##.###
######..


You could see an ogre and a goblin.

Vanquished Creatures
  An orc wizard (D:2)
  Robin (D:2)
  7 adders
  An ooze (D:3)
  An adder skeleton (D:3)
  2 worms
  2 dart slugs
  A giant gecko (D:2)
  7 bats
  2 giant cockroaches
  16 goblins
  13 hobgoblins
  4 jackals (D:1)
  2 quokkas
  A ball python (D:1)
  2 giant newts (D:1)
  7 kobolds
  9 rats
79 creatures vanquished.

Notes
Turn   | Place    | Note
--------------------------------------------------------------
     0 | D:1      | Joat the Octopode Transmuter began the quest for the Orb.
     0 | D:1      | Reached XP level 1. HP: 13/13 MP: 3/3
   172 | D:1      | Reached XP level 2. HP: 18/18 MP: 3/5
   886 | D:2      | Reached XP level 3. HP: 20/23 MP: 4/6
  1267 | D:2      | Reached XP level 4. HP: 25/29 MP: 5/7
  1288 | D:2      | Found a sacrificial altar of Ru.
  1333 | D:2      | Became a worshipper of Ru the Awakened
  1407 | D:2      | Noticed Robin
  1425 | D:2      | Killed Robin
  1427 | D:2      | Reached XP level 5. HP: 23/34 MP: 6/8
  1606 | D:2      | Learned a level 2 spell: Sticks to Snakes
  1621 | D:2      | Found a white marble altar of Elyvilon.
  2591 | D:3      | Noticed an ogre
  2941 | D:3      | Mangled by an ogre

Skill      XL: |  1  2  3  4 |
---------------+-------------+-----
Dodging        | 3 |  3.6
Fighting       | 2 |  2.4
Transmutations | 3 |  3.2
Unarmed Combat | |  3.9
Spellcasting   | |  2.1

Action                   |  1- 3 |  4- 6 || total
-------------------------+-------+-------++-------
Melee: Unarmed           |    63 |   123 ||   186
       Constrict         |    23 |    35 ||    58
       Tentacles         |     9 |    21 ||    30
       Kick              |    16 |    21 ||    37
       Punch             |     1 |     3 ||     4
 Cast: Beastly Appendage |    17 |    20 ||    37
 Stab: Sleeping          |     2 |     4 ||     6
       Paralysed         |       |     2 ||     2
       Invisible         |       |     1 ||     1
  Eat: Chunk             |     1 |     6 ||     7
Armor: Skin              |     7 |     8 ||    15
Dodge: Dodged            |    43 |    66 ||   109
